 Dungeon Crawl Stone Soup version 0.20-a0-629-gc37eb77 (console) character file.

1736 nht the Grappler (level 9, -2/70 HPs)
             Began as a Ghoul Fighter on Feb 10, 2017.
             Was a Believer of Okawaru.
             Slain by a gnoll
             ... wielding a +0 spear of distortion
              (18 damage)
             ... on level 5 of the Dungeon.
             The game lasted 00:08:48 (4130 turns).

nht the Grappler (Ghoul Fighter)                    Turns: 4130, Time: 00:08:48

Health: -2/70      AC:  8    Str: 20    XL:     9   Next: 5%
Magic:  9/11       EV:  7    Int:  4    God:    Okawaru [**....]
Gold:   312        SH:  8    Dex: 10    Spells: 8/8 levels left

rFire    . . .     SeeInvis .     - Unarmed
rCold    + . .     Gourm    .   a - +0 scale mail
rNeg     + + +     Faith    .   b - +0 shield
rPois    ∞         Spirit   .   f - +0 helmet
rElec    .         Reflect  .   (no cloak)
rCorr    .         Harm     .   (no gloves)
MR       .....                  h - +0 pair of boots
Stlth    ..........             (no amulet)
Regen    0.1/turn               (no ring)
                                (no ring)

@: about to teleport, rotting
A: rotting body, claws 1, carnivore 3, cold resistance 1, negative energy
resistance 3, slow regeneration 1, torment resistance, unbreathing
a: Heroism, Renounce Religion


You were on level 5 of the Dungeon.
You worshipped Okawaru.
Okawaru was pleased with you.
You were not hungry.

You visited 1 branch of the dungeon, and saw 5 of its levels.
You also visited: Sewer.

You collected 312 gold pieces.

Inventory:

Missiles
 c - a throwing net
 i - 65 bolts
 p - 5 javelins (quivered)
Armour
 a - a +0 scale mail (worn)
 b - a +0 shield (worn)
 f - a +0 helmet (worn)
 h - a +0 pair of boots (worn)
Wands
 r - a wand of iceblast (8/15)
Scrolls
 e - 8 scrolls of teleportation
 k - 2 scrolls of blinking
 s - 3 scrolls of identify
 u - 2 scrolls of random uselessness {unknown}
 w - a scroll of immolation {unknown}
Potions
 j - 3 potions of brilliance
 m - a potion of magic
 n - a potion of invisibility {unknown}
 o - 4 potions of flight
 q - a potion of might
 t - a potion of curing {unknown}
 v - a potion of cancellation {unknown}
 x - a potion of heal wounds {unknown}
Comestibles
 d - 3 meat rations
 g - 3 royal jellies
 l - 4 chunks of flesh


   Skills:
 - Level 3.2 Fighting
 - Level 2.6 Armour
 - Level 2.6 Shields
 + Level 11.4 Unarmed Combat
 + Level 4.2 Invocations


You had 8 spell levels left.
You didn't know any spells.

Dungeon Overview and Level Annotations

Branches:
Dungeon (5/15)             Temple (0/1) D:5

Altars:
Dithmenos
Gozag
Hepliaklqana
Kikubaaqudgha
Okawaru
Qazlal
Sif Muna
Yredelemnul

Annotations:
D:4 1 exclusion


Innate Abilities, Weirdness & Mutations

Your body is rotting away.
You thrive on raw meat.
You are immune to poison.
You have sharp fingernails.
You are carnivorous and can eat meat at any time.
Your flesh is cold resistant. (rC+)
You are immune to negative energy. (rN+++)
You regenerate slowly when monsters are visible.
You are immune to unholy pain and torment.
You can survive without breathing.


Message History

A gnoll comes into view. It is wielding a whip.
Your shield prevents you from hitting the gnoll.
The gnoll shouts!
You hear a shout! x2
The gnoll hits you but does no damage. You block the gnoll's attack.
The gnoll barely misses you. The gnoll hits you with a club.
Enter note: gtfo
As you read the scroll of teleportation, it crumbles to dust.
You feel strangely unstable. You block the gnoll's attack. x2
The gnoll hits you from afar with a spear of distortion.
Space warps horribly around you!
* * * LOW HITPOINT WARNING * * *
The gnoll hits you but does no damage.
The gnoll shouts! x2
You block the gnoll's attack. x2; The gnoll hits you but does no damage.
The gnoll hits you from afar with a spear.
* * * LOW HITPOINT WARNING * * *
The gnoll hits you from afar with a spear of distortion.
* * * LOW HITPOINT WARNING * * *
Space warps horribly around you!
You die... ███████''''█████████████...█≈≈... █....█.......█ █'███≈≈P.. █....█)......█ ..█.≈≈≈... +....')....)%█ █.≈≈≈... ████████████)█

█.≈≈≈... ..█......)█ .█.≈≈≈...
≈......gg.█ .g.█.≈≈≈...
≈.......gg█'g██ █.≈≈≈...
█....@g.....█ █.≈≈≈..P
█#██████g...█ █.≈≈≈... .
....█+███≈≈...
████████████████████████...█≈≈P..
....................(..█.g.█≈≈...
≈≈≈≈≈≈≈≈≈≈≈≈≈≈≈≈≈≈≈≈≈≈≈█████≈≈...
≈≈≈≈≈≈≈≈≈≈≈≈≈≈≈≈≈≈≈≈≈≈≈≈≈≈≈≈≈≈...
≈≈≈≈≈≈≈≈≈≈≈≈≈≈≈≈≈≈≈≈≈≈≈≈≈≈≈≈≈≈...
...............P.............P...


You could see 7 gnolls.

Vanquished Creatures
  Grinder (D:5)
  Sigmund (D:4)
  Purgy (Sewer)
  4 ogres
  A phantom (D:4)
  A scorpion (D:4)
  3 howler monkeys
  A crimson imp (D:5)
  A hound (D:5)
  A centaur skeleton (D:4)
  3 gnoll shamans (D:5)
  An iguana (D:4)
  Jessica (D:3)
  Natasha (D:2)
  3 orc wizards
  A worker ant (D:5)
  13 adders
  7 gnolls (D:5)
  2 shadow imps (D:5)
  2 oozes (D:1)
  An adder zombie (D:5)
  A dart slug (D:2)
  2 leopard geckos
  18 orcs
  3 ball pythons
  7 bats
  8 giant cockroaches
  5 goblins
  6 hobgoblins
  20 jackals
  4 quokkas
  11 frilled lizards
  2 gnoll zombies (D:3)
  6 kobolds
  A quokka skeleton (D:5)
  6 rats
150 creatures vanquished.

Vanquished Creatures (others)
  A human (D:5)
1 creature vanquished.

Grand Total: 151 creatures vanquished

Notes
Turn   | Place    | Note
-------+----------+-------------------------------------------
     0 | D:1      | nht the Ghoul Fighter began the quest for the Orb.
     0 | D:1      | Reached XP level 1. HP: 19/19 MP: 0/0
    94 | D:1      | Reached XP level 2. HP: 4/26 MP: 1/1
   111 | D:1      | Reached skill level 3 in Unarmed Combat
   291 | D:1      | Reached XP level 3. HP: 31/31 MP: 2/2
   384 | D:2      | Reached skill level 4 in Unarmed Combat
   488 | D:2      | Noticed Natasha
   494 | D:2      | Killed Natasha
   494 | D:2      | Reached XP level 4. HP: 32/38 MP: 3/3
   509 | D:2      | Found a hazy altar of Hepliaklqana.
   550 | D:2      | Found a faded altar of an unknown god.
   635 | D:2      | Reached skill level 5 in Unarmed Combat
  1124 | D:3      | Found a stormy altar of Qazlal.
  1124 | D:3      | Found an iron altar of Okawaru.
  1160 | D:3      | Became a worshipper of Warmaster Okawaru
  1245 | D:3      | Found a glowing drain.
  1263 | D:3      | Reached XP level 5. HP: 44/45 MP: 4/4
  1315 | Sewer    | Entered a sewer
  1409 | Sewer    | Noticed Purgy
  1420 | Sewer    | Killed Purgy
  1420 | Sewer    | Reached skill level 6 in Unarmed Combat
  1420 | Sewer    | Reached XP level 6. HP: 35/51 MP: 5/5
  1837 | D:3      | Reached skill level 7 in Unarmed Combat
  1891 | D:3      | Found an opulent altar of Gozag.
  1970 | D:3      | Found a basalt altar of Yredelemnul.
  2101 | D:3      | Noticed Jessica
  2116 | D:3      | Killed Jessica
  2182 | D:4      | Noticed Sigmund
  2213 | D:3      | Reached * piety under Okawaru
  2535 | D:3      | Reached skill level 8 in Unarmed Combat
  2535 | D:3      | Reached XP level 7. HP: 57/57 MP: 6/6
  2671 | D:4      | Reached skill level 9 in Unarmed Combat
  2675 | D:4      | Killed Sigmund
  2675 | D:4      | Reached XP level 8. HP: 63/63 MP: 4/7
  2752 | D:4      | Reached skill level 10 in Unarmed Combat
  2885 | D:4      | Reached ** piety under Okawaru
  2953 | D:4      | Found a deep blue altar of Sif Muna.
  3279 | D:5      | Entered Level 5 of the Dungeon
  3368 | D:5      | Found a shadowy altar of Dithmenos.
  3412 | D:5      | Found an ancient bone altar of Kikubaaqudgha.
  3474 | D:5      | Found a staircase to the Ecumenical Temple.
  3476 | D:5      | Reached skill level 1 in Invocations
  3870 | D:5      | Noticed Grinder
  3874 | D:5      | Paralysed by Grinder for 3 turns
  3883 | D:5      | Killed Grinder
  3883 | D:5      | Reached skill level 11 in Unarmed Combat
  4123 | D:5      | Reached XP level 9. HP: 60/70 MP: 9/11
  4128 | D:5      | gtfo
  4130 | D:5      | Slain by a gnoll

Vault maps used:
D:1:      dpeg_arrival_rooms_a
D:2:      nicolae_overflow_crystal_walls, chequers_ecumenical_altar_island,
          uniq_natasha
D:3:      lemuel_zombie_altar_yredelemnul, grunt_temple_overflow_open,
          marbit_many_paths, gup_sewer_entry_glass, minivault_26,
          item_on_display_a, uniq_jessica
D:4:      led_sif_book, minmay_joined_circles, uniq_sigmund
D:5:      lemuel_castle_with_subvaults, kennysheep_mini,
          minmay_temple_entry_mist, first_bread, minmay_misc_feat_rows,
          tgw_kikubaaqudgha, uniq_grinder, uniq_blork_the_orc
Sewer:    sewer_co_purgy_island

Skill      XL: |  1  2  3  4  5  6  7  8 |
---------------+-------------------------+-----
Unarmed Combat | 3 4 5 6 8 9 11 | 11.4
Invocations    | 4 |  4.2
Fighting       | |  3.2
Armour         | |  2.6
Shields        | |  2.6

Action                   |  1- 3 |  4- 6 |  7- 9 || total
-------------------------+-------+-------+-------++-------
Melee: Unarmed           |    83 |   256 |   215 ||   554
Invok: Heroism           |       |       |     3 ||     3
  Use: Scroll            |       |     7 |     1 ||     8
       Potion            |       |     2 |       ||     2
  Eat: Chunk             |     7 |     7 |    14 ||    28
Armor: Scale mail        |    24 |   141 |    86 ||   251
Dodge: Dodged            |    26 |    85 |    51 ||   162
Block: Shield            |    28 |   109 |    71 ||   208
